[Event "4NCL Div 1 2024-25"]
[Site "England"]
[Date "2025.01.26"]
[Round "4.1"]
[White "Harvey, Marcus R"]
[Black "Emms, John M"]
[Result "1-0"]
[Annotator "TA"]
[ECO "A13"]
[WhiteElo "2491"]
[BlackElo "2413"]
[PlyCount "127"]
[EventDate "2024.11.23"]
[EventType "team-tourn"]
[EventCountry "ENG"]
[SourceTitle "playchess.com"]
[Source "ChessBase"]
[SourceQuality "1"]
[TimeControl "40/6000+30:3000+30"]

1. c4 e6 2. Nf3 d5 3. e3 Nf6 4. b3 c5 5. cxd5 exd5 6. Bb5+ {[%emt 0:00:47] A13: English Opening: 1...e6.} Nc6 7. O-O Bd6 8. d4 {[%emt 0:03:37] The position is equal.} cxd4 9. Qxd4 O-O 10. Qh4 $146 (10. Bxc6 $11 bxc6 11. Ba3) (10. Bxc6 bxc6 11. Bb2 c5 12. Qd3 Bb7 13. Nc3 Rc8 14. Rfd1 Qe7 15. Qf5 Qe6 16. Qxe6 fxe6 {½-½ Maghsoodloo,P (2572)-Hakobyan,A (2479) Yerevan Margaryan Memorial 2018 (4)}) 10... a6 $15 11. Bxc6 bxc6 12. Ba3 Bxa3 (12... c5 $15 13. Nc3 Be6) 13. Nxa3 $11 Qd6 14. Nb1 Ne4 15. Rc1 a5 (15... c5 $11) 16. Nc3 $14 {[%emt 0:01:05] A sharp opening} Nxc3 17. Rxc3 Bd7 18. Qg3 Qb4 19. Rcc1 Rfc8 20. Ne5 Qe7 21. Nxd7 Qxd7 22. Rc5 Qb7 23. Qf4 Qb4 24. Rac1 Qxf4 25. exf4 {[%emt 0:00:00][%mdl 4096] Endgame KRR-KRR} Kf8 26. Kf1 {[%emt 0:00:00] White is more active.} Ke7 27. Rxc6 Rxc6 28. Rxc6 $16 {[%emt 0:00:00] KR-KR. White is a pawn up. Black is on the road to losing.} a4 29. b4 a3 (29... Kd7 $142 30. Rc3 Kd6) 30. Rc3 Kd6 31. Ke2 Re8+ 32. Re3 Rb8 33. Rb3 (33. Rxa3 $6 Rxb4 34. Kf3 g6 $14) 33... Kc6 34. Kd3 (34. Rxa3 Rxb4 35. g3 Rb7 $14) 34... Ra8 35. Rc3+ (35. Kd4 Kb5 36. g3 (36. Kxd5 Rd8+ 37. Ke4 Re8+ 38. Kd3 Rd8+ 39. Ke3 Ra8 $18) 36... Kc6 37. b5+ Kb6 $16) 35... Kb5 {[%emt 0:00:22] [#]} 36. Rc7 $1 Kxb4 (36... Rf8 {was necessary.} 37. Rb7+ Kc6) 37. Rxf7 $18 Kc5 38. Rxg7 Rb8 39. Rc7+ Kd6 40. Rc3 (40. Rxh7 Rb2 $16) 40... Rb2 {[%emt 0:00:21] [#]} 41. Rc2 $1 (41. Rxa3 Rxf2 42. Ra6+ Kc5 $16) 41... Rb4 42. g3 Ke6 43. Rc6+ Kf7 44. Rc3 Rb2 45. Rc2 {[%emt 0:00:00] Threatens to win with Rxb2.} (45. Rxa3 Rxf2 46. Kd4 Ke6 $16) 45... Rb4 46. Kc3 Rb1 47. Re2 ({Not} 47. Kd4 Rd1+ 48. Ke3 (48. Ke5 d4 $18) 48... Ra1 $16) 47... h5 48. Re5 Rb2 $2 (48... h4 49. Rh5 (49. Rxd5 Rh1 $18) (49. gxh4 Rb2 $11) 49... Rb2) 49. Rxd5 Rxa2 (49... Kg6 $142 50. Rd2 Rb7 51. Rd6+ Kf5) 50. Rxh5 Rxf2 51. Ra5 a2 52. Kd4 Rxh2 53. Ke4 Ke7 54. g4 Rb2 55. g5 Rb4+ 56. Kf3 Rb2 57. Kg4 Kf7 58. Ra7+ Kg8 59. Kf5 {[%emt 0:00:00] White mates.} Rf2 60. Ke5 Kf8 61. f5 Rb2 62. g6 Kg8 63. Kf6 Rb6+ 64. Kg5 {[%emt 0:00:06] Weighted Error Value: White=0.15 (very precise) /Black=0.60  Mistake:       	White=1     	Black=6      Inaccurate:     	White=2     	Black=4      OK:         	White=16    	Black=11     Best:        	White=7     	Black=1      Strong:       	White=1     	---} 1-0

[Event "4NCL Div 1 2024-25"]
[Site "England"]
[Date "2025.01.26"]
[Round "4.2"]
[White "Palliser, Richard J D"]
[Black "Speelman, Jon S"]
[Result "1/2-1/2"]
[Annotator "TA"]
[ECO "B15"]
[WhiteElo "2369"]
[BlackElo "2499"]
[PlyCount "62"]
[EventDate "2024.11.23"]
[EventType "team-tourn"]
[EventCountry "ENG"]
[SourceTitle "playchess.com"]
[Source "ChessBase"]
[SourceQuality "1"]
[TimeControl "40/6000+30:3000+30"]

1. e4 c6 2. d4 d5 3. Nc3 dxe4 4. Nxe4 Nf6 5. Nxf6+ exf6 6. Be3 Bd6 {[%emt 0:02:08] B15: Caro-Kann: 3 Nc3: 3...g6 and 3...dxe4 4 Nxe4 Nf6 5 Nxf6+ exf6.} 7. Bd3 O-O 8. Ne2 Na6 9. a3 {[%emt 0:06:30] Prevents Nb4} Re8 10. O-O $1 Nc7 11. c4 f5 12. Re1 $146 (12. Qd2 h6 13. Rfe1 Bd7 14. Bf4 Qf6 15. Bc2 Rad8 16. Rad1 Bc8 17. Bxd6 Rxd6 18. Qa5 {1-0 Livaic,L (2549)-Pfreundt,J (2455) Bundesliga 2324 2023 (14.1)}) 12... Qf6 13. Qd2 Ne6 14. d5 cxd5 15. cxd5 Nc5 16. Bg5 Qg6 {[%emt 0:00:07] ...Nxd3 would now be deadly.} 17. Nd4 Bd7 (17... Rxe1+ 18. Rxe1 Bd7 (18... Nxd3 $2 19. Re8+ Bf8 20. Be7 $18) 19. Bc2) 18. Bc2 Ne4 19. Bxe4 fxe4 20. Bf4 {[%emt 0:00:21] Prevents Re5} Rad8 21. Ne2 Bb5 22. Nc3 Bd3 23. Bxd6 Qxd6 24. Qe3 b6 25. Rad1 {[%emt 0:00:07] [#]} f5 26. Qd4 Kf7 27. f3 Qf6 (27... Qc5 $11 {might be stronger.} 28. Qxc5 bxc5) 28. Qf2 (28. Qa4 $1 $14 Qg6 29. Qxa7+ Kg8 30. fxe4 fxe4 31. Qa4) 28... Re7 29. fxe4 fxe4 {[%emt 0:00:43] The position is equal.} 30. Qe3 {[%emt 0:00:27][%cal Oe1f1] [#] Rf1! is the strong threat.} Qd6 31. Rd2 Qc5 {[%emt 0:01:31] Weighted Error Value: White=0.09 (flawless) /Black=0.09 (flawless)   Mistake:       	White=1     	Black=1      Inaccurate:     	White=1     	Black=1      OK:         	White=13    	Black=8      Strong:       	White=1     	---} 1/2-1/2

[Event "4NCL Div 1 2024-25"]
[Site "England"]
[Date "2025.01.26"]
[Round "4.3"]
[White "Tan, Justin"]
[Black "Chow, Samuel"]
[Result "1-0"]
[Annotator "TA"]
[ECO "C11"]
[WhiteElo "2507"]
[BlackElo "2348"]
[PlyCount "61"]
[EventDate "2024.11.23"]
[EventType "team-tourn"]
[EventCountry "ENG"]
[SourceTitle "playchess.com"]
[Source "ChessBase"]
[SourceQuality "1"]
[TimeControl "40/6000+30:3000+30"]

1. e4 e6 2. d4 d5 3. Nc3 Nf6 4. e5 Nfd7 5. f4 c5 6. Nf3 Nc6 7. Be3 a6 8. Ne2 {[%emt 0:00:14] C11: French: Classical System: 4 e5 and 4 Bg5 dxe4.} Qb6 {[%emt 0:00:44] 8...Qb6 scores better than 8...b5.} 9. Qc1 Be7 10. c3 {[%emt 0:00:07] White has an edge.} O-O 11. h4 f6 12. Rh3 cxd4 $146 (12... Qa5 13. a3 Nxd4 14. Nexd4 cxd4 15. b4 Qc7 16. cxd4 Qxc1+ 17. Rxc1 Nb6 18. h5 f5 {0-1 Kramnik,V (2753)-Bluebaum,M (2672) Titled Tuesday intern op 25th Jul Late blitz 2023 (6)}) 13. cxd4 Rf7 14. h5 fxe5 15. fxe5 Nf8 16. Kf2 Bd7 17. Kg1 Rc8 {[%emt 0:00:44][%cal Oc6e5] [#] Hoping for ...Nxe5!.} 18. Qd2 Qb4 (18... Na5 $14) 19. Nc3 $16 Na5 20. h6 g6 {[%emt 0:02:45] [#]} (20... Ng6 $16) 21. Bg5 $1 $18 Nc4 $2 {[%emt 0:19:31] Loses the game.} (21... Bc6 $16 22. Rd1 Be8) 22. Bxc4 Rxc4 23. Bxe7 Rxe7 (23... Qxe7 {was necessary.} 24. b3 Rb4) 24. a3 Qb6 25. Rh4 Bc8 $2 (25... Rf7 26. Nd1 Rf5) 26. Ng5 Nd7 27. Rf1 Nxe5 28. Rhf4 Nd7 29. Qf2 (29. Nf7 Rxd4 30. Qxd4 (30. Rxd4 Rxf7 31. Rf2 Rxf2 $16) 30... Qxd4+ 31. Rxd4 Rxf7 $16) 29... Qd8 {[%emt 0:00:26] Dodges Rf8+} 30. Nf7 {[%emt 0:00:22] Excellent horsemanship. Black is weak on the dark squares} Qe8 31. Ne5 {[%emt 0:00:54] Weighted Error Value: White=0.38/Black=1.11  Loses game:     	---       	Black=1      Mistake:       	---       	Black=4      Inaccurate:     	White=2     	Black=1      OK:         	White=6     	Black=5      Best:        	White=3     	---} 1-0

[Event "4NCL Div 1 2024-25"]
[Site "England"]
[Date "2025.01.26"]
[Round "4.4"]
[White "Turner, Max N"]
[Black "Turner, Matthew J"]
[Result "1/2-1/2"]
[Annotator "TA"]
[ECO "E61"]
[WhiteElo "2247"]
[BlackElo "2432"]
[PlyCount "120"]
[EventDate "2024.11.23"]
[EventType "team-tourn"]
[EventCountry "ENG"]
[SourceTitle "playchess.com"]
[Source "ChessBase"]
[SourceQuality "1"]
[TimeControl "40/6000+30:3000+30"]

1. d4 Nf6 2. c4 g6 3. Nf3 Bg7 4. e3 O-O 5. Be2 d6 6. Nc3 Nc6 7. d5 Nb4 8. O-O e6 9. dxe6 {[%emt 0:06:16] White is slightly better.} Bxe6 10. Nd4 Bd7 11. Bf3 Nc6 12. b3 Nxd4 13. exd4 Rb8 14. Bf4 Re8 15. Rc1 Bf5 16. g4 Be4 17. Nxe4 Nxe4 18. Be3 Qh4 19. Bg2 Re7 20. Qf3 Bh6 21. Bxh6 Qxh6 22. Qe3 {[%emt 0:01:46] Repels Nd2} Qh4 (22... Qxe3 {simplifies} 23. fxe3 Rbe8 24. Rf4 c6) 23. Qf4 (23. f3 $15 Nc5 24. Qd2) 23... Rbe8 $17 24. Rfe1 {[%emt 0:05:13] [#]} (24. h3 $17 {was called for.}) 24... Nc3 $1 $19 25. Rxe7 Qxe7 26. Bf3 Ne2+ $1 ({Resist} 26... Nxa2 27. Ra1 Nc3 28. Qd2 $17) 27. Bxe2 Qxe2 $17 {[%emt 0:00:11][%mdl 4096] Endgame. KQR-KQR} 28. h3 Qxa2 29. Qf3 Qb2 30. Rd1 c6 31. Qg3 Re4 32. d5 {[%emt 0:01:56] [#]} c5 33. Rd3 (33. Qxd6 $2 {too greedy.} Qxb3 34. Kg2 Qxd1 $19) (33. Kg2 $17 {is a better defense.}) 33... Re1+ 34. Kh2 Qe5 35. Qxe5 Rxe5 $19 {[%emt 0:00:04] KR-KR} 36. Kg3 Re2 37. h4 Rb2 38. Re3 Kf8 39. h5 a6 40. f3 $2 (40. h6 $17) 40... gxh5 41. gxh5 h6 42. Kg4 {[%emt 0:00:00] [#]} b5 $2 (42... Rg2+ $1 $19 43. Kh3 Rg5) 43. Kf5 Rh2 44. f4 $1 {[%emt 0:00:00] The position is equal.} Rh4 45. Re2 bxc4 46. bxc4 a5 47. Ra2 Ke7 48. Rxa5 Rxh5+ 49. Kg4 Rh1 50. Kf5 {[%emt 0:00:00] Strongly threatening Ra7+.} Rg1 51. Ra3 Kf8 52. Kf6 Rg6+ 53. Kf5 Kg7 54. Rh3 Rg1 55. Rh2 h5 56. Rxh5 Rc1 57. Rg5+ Kf8 58. Kf6 Rxc4 59. f5 $1 Rh4 60. Rh5 Rxh5 {[%emt 0:00:31] White happily takes the draw.   Weighted Error Value: White=0.13 (very precise) /Black=0.10 (very precise) .  Missed win:     	---       	Black=1      Mistake:       	White=4     	---        Inaccurate:     	White=2     	Black=1      OK:         	White=19    	Black=15     Best:        	White=3     	Black=6      Strong:       	White=2     	Black=1      Brilliant:      	---       	Black=1} 1/2-1/2

[Event "4NCL Div 1 2024-25"]
[Site "England"]
[Date "2025.01.26"]
[Round "4.5"]
[White "Wadsworth, Matthew J"]
[Black "Li, Harry"]
[Result "1/2-1/2"]
[Annotator "TA"]
[ECO "E05"]
[WhiteElo "2461"]
[BlackElo "2203"]
[PlyCount "127"]
[EventDate "2024.11.23"]
[EventType "team-tourn"]
[EventCountry "ENG"]
[SourceTitle "playchess.com"]
[Source "ChessBase"]
[SourceQuality "1"]
[TimeControl "40/6000+30:3000+30"]

1. Nf3 d5 2. g3 Nf6 3. Bg2 e6 4. O-O Be7 5. c4 O-O 6. d4 dxc4 7. Qc2 b5 8. a4 {[%emt 0:01:26] E05: Open Catalan: 5 Nf3 Be7.} b4 9. Ne5 Qxd4 $1 10. Bxa8 {[%emt 0:00:10] A sharp opening} Qxe5 11. Bf4 $1 {[%emt 0:00:10] 11.Bf4 scores better than 11.Bf3.} Qh5 {[%emt 0:02:08] [#]} 12. Bf3 (12. Qxc4 Ng4 13. h4 (13. Bxc7 $2 Qxh2#) 13... e5 $17) 12... Ng4 $1 13. Bxg4 {[%emt 0:00:08] Successful Defense White} (13. Bxc7 $2 Qxh2#) 13... Qxg4 14. Qxc4 e5 $1 15. Qxc7 exf4 (15... Nc6 $6 16. Be3 (16. Bxe5 Qe6 $19) 16... Qe6 17. Rc1 $14 (17. Bxa7 $2 Bd8 $19)) 16. Qxe7 (16. Qxb8 $2 fxg3 (16... Qxe2 17. Qxf4 Bh3 18. Nd2 $17) 17. hxg3 Qxe2 $19) 16... fxg3 17. Nd2 $36 {[%emt 0:00:07][%mdl 2048] White is more active.} (17. Qxa7 $2 gxf2+ 18. Kxf2 Re8 $19) (17. fxg3 Nc6 18. Qd6 Nd4) 17... gxf2+ 18. Kxf2 Qd4+ 19. Qe3 {[%emt 0:00:13] The board is on fire.} Qxb2 20. Qf4 Be6 $146 ({Black should try} 20... Na6 $11) (20... Nc6 21. Nc4 Qc2 22. Ne3 Qc5 23. Rac1 Qb6 24. Ke1 Be6 25. Nf5 Bxf5 26. Qxf5 Nd4 27. Qxf7+ {1-0 Stegert,J (1952)-Muzika,P (2070) Kiel op 36th 2024 (7)}) 21. Rab1 $14 Qa2 (21... Qc2 $1 $14) 22. Rxb4 (22. Rg1 {feels hotter.} g6 23. Ne4 Nd7 24. Rxb4 f5 25. Nc3) 22... Nc6 23. Rbb1 (23. Rb7 $14) 23... a5 (23... f6 $1 $11 {remains equal.}) 24. Rb6 Nb4 {[%emt 0:11:06][%cal Ob4d5] ...Nd5! would now be deadly.} 25. Rb8 Qxa4 $2 (25... Qc2 $16 {is a better defense.}) 26. Rxf8+ $2 (26. Ne4 $18 {[%cal Oe4f6] Threatening mate with Nf6+!.} h5 27. Nf6+ gxf6 28. Rg1+ Kh7 29. Qxf6 (29. Rxf8 $2 Nd3+ 30. Ke3 Qxf4+ $19) 29... Nd3+ (29... Rxb8 30. Qg7#) 30. Ke3 (30. exd3 Qc2+ 31. Ke3 Qc5+ 32. Kd2 Qxg1 $11) 30... Qf4+ 31. Qxf4 Nxf4 32. Rxf8 Nd5+ 33. Kd3) 26... Kxf8 $16 27. Qd6+ {[%emt 0:00:13] White attacks} Ke8 28. Qb8+ Ke7 29. Rc1 {[%emt 0:03:31] Inhibits Qc2.} Nd5 {[%emt 0:01:21] Against Rc7+} 30. Qa7+ Qd7 31. Qxa5 (31. Qxd7+ Kxd7 32. Ra1 Ke7 33. Rxa5 h6 34. Ne4) 31... Qd6 32. Nf3 Qf4 33. Qc5+ Qd6 34. Qa7+ Bd7 35. Rd1 Qb6+ 36. Qxb6 Nxb6 {[%emt 0:00:01][%mdl 4096] Endgame KRN-KBN} 37. Rd4 h6 38. h4 Be6 39. Kg3 Nd5 40. e4 Nf6 41. Rb4 Nh5+ 42. Kf2 Nf4 43. Ke3 {[%emt 0:00:00] Inhibits Nd3.} Ng2+ 44. Kd4 Bg4 45. Rb7+ Ke6 46. Ne5 Bh5 47. Nc6 (47. Rb6+ $16 Ke7 48. Rb5) 47... Nxh4 $11 48. Nd8+ Kf6 49. e5+ Kf5 50. Nxf7 Bxf7 $4 (50... Ke6 $1 $14) 51. Rxf7+ $14 {[%emt 0:00:00] KR-KN} Ke6 {[%emt 0:00:02] [#]} 52. Rf8 (52. Rxg7 $2 Nf5+ 53. Kd3 Nxg7 $19) (52. Rf1 $1 $18 {Ke4 is the strong threat.} Ng6 53. Rg1) 52... Ng6 $11 {[%emt 0:02:46][%csl LRe5,LRf8] The position is equal.} 53. Re8+ Kf5 $1 54. e6 h5 55. Kd5 h4 56. e7 (56. Rh8 {simplifies} Nf4+ 57. Kc4 Nxe6 58. Rxh4 g5 59. Rh1) 56... Kg4 57. Ke6 h3 58. Rh8 Nxe7 59. Kxe7 {[%emt 0:00:02] KR-KPP} Kg3 60. Ke6 h2 61. Kf5 Kg2 62. Rxh2+ Kxh2 63. Kg6 Kg3 64. Kxg7 {[%emt 0:00:03] Weighted Error Value: White=0.21 (precise) /Black=0.24 (precise)   Loses game:     	---       	Black=2      Missed win:     	White=2     	---        Mistake:       	White=2     	Black=3      Inaccurate:     	White=1     	Black=1      OK:         	White=21    	Black=22     Best:        	White=5     	Black=8      Strong:       	---       	Black=4} 1/2-1/2

[Event "4NCL Div 1 2024-25"]
[Site "England"]
[Date "2025.01.26"]
[Round "4.6"]
[White "Sucikova, Svetlana"]
[Black "Jackson, James P"]
[Result "0-1"]
[Annotator "TA"]
[ECO "E65"]
[WhiteElo "2174"]
[BlackElo "2373"]
[PlyCount "82"]
[EventDate "2024.11.23"]
[EventType "team-tourn"]
[EventCountry "ENG"]
[SourceTitle "playchess.com"]
[Source "ChessBase"]
[SourceQuality "1"]
[TimeControl "40/6000+30:3000+30"]

1. Nf3 Nf6 2. g3 g6 3. Bg2 Bg7 4. O-O O-O 5. c4 d6 6. d4 c5 7. Nc3 Nc6 8. dxc5 dxc5 9. Be3 Be6 10. Bxc5 Qa5 11. Be3 {[%emt 0:06:25] E65: King's Indian: Fianchetto: 6...c5 7 0-0 without d5 by White.} Bxc4 12. Nd4 Ne5 (12... Rfc8 $11) 13. Nb3 $146 {[%emt 0:05:18] White is slightly better.} (13. Bxb7 Rad8 {½-½ Skembris,S (2525)-Georgiev,K (2445) Ano Liosia op 1995 (9)}) 13... Qc7 14. Rc1 Rad8 {[%emt 0:01:44] Repels Qd4} 15. Qc2 b6 {[%emt 0:03:46] The position is symmetric and equal} 16. Bf4 Qb8 17. Rfd1 Rc8 (17... Rxd1+ $11 18. Rxd1 Nh5) 18. Nd4 $1 $16 Nd5 19. Qa4 (19. Bxd5 $6 Bxd5 20. Nf5 gxf5 $11) (19. Qd2 $1 $16 Nxf4 20. gxf4) 19... Nxf4 $11 20. gxf4 Ng4 21. e3 Bxd4 22. Rxd4 b5 23. Qb4 e5 24. fxe5 Nxe5 25. Qe7 Nd3 26. Rd1 Rfe8 (26... Nxb2 $11 27. Ra1 Rc7) 27. Qh4 {[%emt 0:02:00] Threatens to win with Ne4.} Nxb2 28. Rb1 (28. Ra1 $14) 28... Bd3 $1 $15 29. Rxd3 Nxd3 $17 30. Nd5 {[%emt 0:00:05] [#]} (30. Rxb5 $17 {is a better defense.} Qc7 31. Nd5) 30... Qe5 $2 (30... Rc4 $1 $19 31. Nf6+ Kg7 32. Nxe8+ Qxe8) 31. Nf6+ $11 Kg7 32. Nxe8+ Rxe8 (32... Qxe8 $2 33. Qd4+ Ne5 34. f4 $18 (34. Qxa7 Rc4 $11)) 33. Bc6 {[%emt 0:00:06] Prevents a6.} (33. Bf1 $11 {keeps the balance.} Qd5 34. Qd4+ (34. Rd1 Re4 $17) 34... Qxd4 35. exd4) 33... Rb8 $36 {[%emt 0:02:02][%mdl 2048] Black has strong initiative.} 34. Rd1 Rb6 {[%emt 0:01:37] Black is more active.} 35. Qd4 {[%emt 0:01:10] Now White is beyond hope.} (35. Bg2 $17 Qc3 36. Qd8) 35... Qxd4 $19 36. exd4 Rxc6 37. Rxd3 {[%emt 0:00:05] KR-KR. Black is a pawn up.} Kf6 38. Kg2 (38. d5 $142 Rd6 39. Rf3+ Ke7 40. Re3+ Kd7 41. Rf3) 38... b4 39. a3 $2 {[%emt 0:00:57] [#]} (39. d5 Rd6 40. a3) 39... Rc3 $1 {[%emt 0:00:31] Black is clearly winning.} ({Less strong is} 39... a5 40. axb4 axb4 41. d5 $15) 40. Rd2 Rxa3 {[%emt 0:00:21] Hoping for ...b3.} 41. d5 Ke7 {[%emt 0:20:29] Weighted Error Value: White=0.60/Black=0.25 (precise)   Mistake:       	White=8     	Black=4      Inaccurate:     	White=3     	Black=1      OK:         	White=6     	Black=10     Best:        	White=3     	Black=3      Strong:       	White=1     	Black=2} 0-1

[Event "4NCL Div 1 2024-25"]
[Site "England"]
[Date "2025.01.26"]
[Round "4.7"]
[White "Haydon, David L"]
[Black "Nakara Husain"]
[Result "1-0"]
[Annotator "TA"]
[ECO "A06"]
[WhiteElo "2294"]
[BlackElo "1663"]
[PlyCount "93"]
[EventDate "2024.11.23"]
[EventType "team-tourn"]
[EventCountry "ENG"]
[SourceTitle "playchess.com"]
[Source "ChessBase"]
[SourceQuality "1"]
[TimeControl "40/6000+30:3000+30"]

1. Nf3 d5 2. e3 Nf6 3. b3 g6 4. Bb2 Bg7 5. c4 e6 6. Be2 {[%emt 0:00:47] A06: Réti Opening: 1 Nf3 d5.} b6 7. Qc2 $146 (7. cxd5 exd5 8. d4 O-O 9. Nc3 Re8 10. O-O c6 11. b4 Bb7 12. Qb3 Nbd7 13. Rfd1 {0-1 Chu,W (2281)-Xu,Y (2430) Danzhou Hainan op 1st 2016 (7)}) 7... Bb7 8. d4 {[%emt 0:01:31] The position is equal.} Nbd7 9. Nc3 c6 10. O-O O-O 11. Rad1 Rc8 12. Ne5 Nxe5 13. dxe5 Nd7 14. f4 f6 15. exf6 Bxf6 16. Ba3 {[%emt 0:00:00] Repels Qe7} Re8 17. Bg4 {[%emt 0:00:00] White is more active.} (17. Qd2 $14) 17... Bg7 18. Ne2 Nf6 19. Bh3 Rc7 (19... c5 $11 {deserves consideration.}) 20. Nd4 $14 Bc8 21. Nf3 $36 {[%emt 0:00:00][%mdl 2048] White has good play.} Ne4 22. Bb2 g5 (22... Bxb2 $11 {remains equal.} 23. Qxb2 Ba6) 23. g3 h5 (23... Bxb2 $16 24. Qxb2 Rg7) 24. Ne5 $18 h4 (24... Qf6 $142 25. Bg2 Bb7 26. cxd5 exd5 27. Bxe4 dxe4) 25. Bg2 Nd6 26. Bf3 (26. gxh4 $18 {is more deadly.} gxf4 27. Rxf4) 26... hxg3 $16 27. hxg3 Nf5 {[%emt 0:00:00] [#]} 28. Qf2 $2 ({White should try} 28. g4 $1 $18 Nxe3 29. Qg6 Nxf1 30. Nxc6 (30. Kxf1 Rf8 $17)) 28... Qe7 $2 (28... gxf4 $11 {and Black stays safe.} 29. gxf4 (29. exf4 Bf8 $11) 29... Bf6) 29. Bh5 $18 Rf8 {[%emt 0:00:00] Prevents Bf7+.} (29... gxf4 {keeps fighting.} 30. Qxf4 (30. Bf7+ Qxf7 31. Nxf7 fxe3 $11) 30... Rf8) 30. Ng6 Qc5 31. Bd4 ({Not} 31. fxg5 Nxe3 32. Bf6 (32. Nxf8 Bxb2 $11) 32... Rff7 $11) 31... Qb4 32. Nxf8 ({Don't take} 32. fxg5 Nxd4 33. Nxf8 Nf5 $18) 32... Bxf8 (32... Qxf8 33. fxg5 Nxd4) 33. fxg5 {[%emt 0:00:00] g4 is the strong threat. White is clearly winning.} Qd6 34. g4 Qg3+ 35. Qxg3 Nxg3 {[%emt 0:00:05] [#]} 36. Rxf8+ Kxf8 37. Be5 Nxh5 38. Bxc7 {[%emt 0:00:00][%mdl 4096] Endgame KRB-KBN} Ng7 39. Rf1+ Kg8 40. g6 e5 41. Bd6 Ne6 {[%emt 0:50:15] Against Rf8+} 42. Rf7 dxc4 43. bxc4 Ba6 44. Rxa7 Bxc4 45. Bxe5 {[%emt 0:00:00] White threatens Ra8+ and mate.} Kf8 46. g7+ Nxg7 47. Bxg7+ {[%emt 0:00:00] Weighted Error Value: White=0.20 (precise) /Black=0.74  Loses game:     	---       	Black=1      Missed win:     	White=1     	---        Mistake:       	White=2     	Black=6      Inaccurate:     	---       	Black=2      OK:         	White=13    	Black=9      Best:        	White=3     	---} 1-0

[Event "4NCL Div 1 2024-25"]
[Site "England"]
[Date "2025.01.26"]
[Round "4.8"]
[White "Carroll, Thomas"]
[Black "Hunt, Harriet V"]
[Result "1/2-1/2"]
[Annotator "TA"]
[ECO "E12"]
[WhiteElo "2126"]
[BlackElo "2298"]
[PlyCount "97"]
[EventDate "2024.11.23"]
[EventType "team-tourn"]
[EventCountry "ENG"]
[SourceTitle "playchess.com"]
[Source "ChessBase"]
[SourceQuality "1"]
[TimeControl "40/6000+30:3000+30"]

1. d4 Nf6 2. Nf3 e6 3. Bg5 c5 4. e3 cxd4 5. exd4 b6 6. Bd3 Bb7 7. O-O Be7 8. c4 O-O 9. Nc3 h6 {[%emt 0:03:01] E12: Queen's Indian: Unusual White 4th moves, 4 a3, 4 Nc3 Bb7 5 a3 and 4 Nc3 Bb7 .} 10. Bxf6 Bxf6 11. Be4 d5 $146 (11... Bxe4 12. Nxe4 Nc6 13. d5 Ne5 14. Nxf6+ Qxf6 15. Nxe5 Qxe5 16. Qd2 Rac8 17. Rfe1 {0-1 Xing,Z (1727)-Asaka,S (2201) Sydney NSW op 2023 (1)}) 12. cxd5 exd5 13. Bc2 Nc6 {[%emt 0:01:45] Wards off Ne5} 14. Qd3 g6 15. a3 {[%emt 0:01:05] The position is symmetric and equal} Rc8 16. Rfe1 Bg7 17. Rad1 Qd6 18. Qe3 a6 19. Bb1 Rc7 20. Qd3 Na5 21. Re2 Nc4 22. Rde1 Qc6 23. Nd1 Bc8 24. Ne3 {[%emt 0:00:29] Against Bf5} b5 25. h4 h5 26. Ne5 Qd6 27. f4 Nxe3 (27... Bh6 $17 28. g3 Rd8) 28. Qxe3 $11 Qf6 29. Qf3 (29. g3 $11) 29... Qxh4 $15 {[%emt 0:03:30] Black attacks} 30. g3 Qf6 31. f5 ({Only move:} 31. Qxd5 Rd8 32. Qb3) 31... Bxf5 $17 ({Don't take} 31... gxf5 32. Qxh5 Qh6 33. Rh2 Qxh5 34. Rxh5 $11) 32. Bxf5 Qxf5 33. Qxf5 gxf5 34. Rf2 Re8 35. Rxf5 Rc2 36. Ref1 (36. b4 $17 {was called for.}) 36... Re7 (36... Bxe5 $19 37. dxe5 Rxb2 38. Rg5+ Kf8 39. Rxh5 Re7) 37. R1f2 $15 Rc1+ 38. Kg2 Rd1 39. Rxh5 Rc7 (39... Rxd4 40. Nc6 Rd7 41. Nxd4 Bxd4 42. Rd2) 40. Rhf5 Rxd4 41. Nxf7 Rd3 42. Ng5 Re7 43. Rc2 {[%emt 0:00:00] [#] Black must now prevent Rc8+.} Bh6 44. Rc6 Bxg5 {[%emt 0:03:00] The position is equal.} 45. Rxg5+ Kf7 46. Rf5+ Kg7 47. Rg5+ Kf7 48. Rf5+ Kg7 49. Rg5+ {[%emt 0:00:00] Weighted Error Value: White=0.13 (very precise) /Black=0.15 (very precise)   Mistake:       	White=3     	Black=2      Inaccurate:     	White=3     	Black=5      OK:         	White=12    	Black=15     Best:        	White=2     	Black=4} 1/2-1/2